 Dungeon Crawl Stone Soup version 0.17.1-3-g152610e (webtiles) character file.

77 Jerry the Magician (level 4, -9/28 (30) HPs)
             Began as a Mummy Wizard on Feb 27, 2016.
             Mangled by a bone dragon (12 damage)
             ... on level 1 of the Abyss.
             The game lasted 00:13:45 (2893 turns).

Jerry the Magician (Mummy Wizard)                   Turns: 2893, Time: 00:13:45

HP:   -9/28 (30)    AC:  3    Str: 10      XL:     4   Next: 14%
MP:   8/8           EV: 12    Int: 14 (18) God:
Gold: 49            SH:  0    Dex:  9 (10) Spells: 2 memorised, 6 levels left

rFire  x . .     SeeInvis .     d - +0 whip
rCold  + . .     Clarity  .     a - +0 robe
rNeg   + + +     SustAt   .     (no shield)
rPois  ∞         Gourm    .     i - +0 helmet
rElec  .         Spirit   .     (no cloak)
rCorr  .         Warding  +     (no gloves)
rMut   .         Stasis   .     (no boots)
MR     .....                    h - amulet of warding
Stlth  ++........               (no ring)
                                (no ring)

@: not resistant to hostile enchantments, unstealthy
A: no food or potions, fire vulnerability, cold resistance 1, negative energy
resistance 3, torment resistance, unbreathing
a: no special abilities


You were on level 1 of the Abyss.
You were not hungry.

You visited 1 branch of the dungeon, and saw 2 of its levels.
You visited the Abyss 1 time.

You collected 49 gold pieces.

Inventory:

Hand Weapons
 d - a +0 whip (weapon)
Armour
 a - a +0 robe (worn)
 b - a +0 hat
 i - a +0 helmet (worn)
Jewellery
 h - an amulet of warding (around neck)
Scrolls
 e - a scroll of remove curse
Books
 c - a book of Minor Magic

   Spells                             Type                      Level
   a - Magic Dart                     Conjuration                  1
   b - Blink                          Translocation                2
   c - Call Imp                       Summoning                    2
   d - Repel Missiles                 Charms/Air                   2
   e - Slow                           Hexes                        2
   f - Conjure Flame                  Conjuration/Fire             3
   g - Mephitic Cloud                 Conjuration/Poison/Air       3


   Skills:
 + Level 2.6 Dodging
 - Level 2.1 Stealth
 - Level 3.0 Spellcasting
 + Level 1.6 Conjurations
 + Level 1.5 Summonings
   Level 0.7 Translocations


You had 6 spell levels left.
You knew the following spells:

 Your Spells              Type           Power        Failure   Level  Hunger
a - Magic Dart            Conj           #...         14%         1    N/A
b - Call Imp              Summ           #.......     21%         2    N/A

Dungeon Overview and Level Annotations

Branches:
Dungeon (2/15)

Altars:
Fedhas


Innate Abilities, Weirdness & Mutations

You do not eat or drink.
Your flesh is vulnerable to fire.
You are immune to poison.
Your flesh is cold resistant.
You are immune to negative energy.
You are immune to unholy pain and torment.
You can survive without breathing.


Message History

You feel dopey. Something feeds on your intellect!
You hear a distant slurping noise.
The neqoxec gestures.
The crimson imp blinks!
A crimson imp comes into view.
The crimson imp moves out of view.
The neqoxec gestures at you.
Strange energies course through your body.
Your body decomposes!
You enter the shallow water.
Moving in this stuff is going to be slow.
A bone dragon comes into view.
The bone dragon completely misses you. The bone dragon claws you!
The bone dragon tramples you!
Ouch! That really hurt!
* * * LOW HITPOINT WARNING * * *
You hold your ground!
The bone dragon bites you!
You die...

#.####≈≈#.≈≈≈≈≈
.#.#...≈. ≈≈#≈≈
#....... ## .#.
# #....≈≈≈# .#.#
##...≈≈.##..
##.#≈≈##.#
##..##♣..### .#
...#...#.##.#.##
#.# #.
.....####@D.# .
#.#..###.#.#####
#5.###.#. #..#
##... ..#....##
......##....#
#.#.# .. . #.
.... .. #.... .#
# .###.## #
.#.#5#


You could see a bone dragon.

Vanquished Creatures
  A gnoll (D:1)
  An adder (D:2)
  An ooze (D:2)
  3 worms
  2 giant geckos
  A ball python (D:1)
  4 bats (D:1)
  2 giant cockroaches (D:1)
  7 hobgoblins (D:1)
  8 kobolds
  2 giant newts (D:1)
  8 goblins
  2 rats (D:1)
42 creatures vanquished.

Notes
Turn   | Place    | Note
--------------------------------------------------------------
     0 | D:1      | Jerry the Mummy Wizard began the quest for the Orb.
     0 | D:1      | Reached XP level 1. HP: 13/13 MP: 4/4
   196 | D:1      | Reached skill level 1 in Conjurations
   246 | D:1      | Reached XP level 2. HP: 14/19 MP: 0/6
   911 | D:1      | Learned a level 2 spell: Call Imp
  1093 | D:1      | Reached skill level 1 in Summonings
  1276 | D:1      | Reached XP level 3. HP: 24/24 MP: 1/7
  2478 | D:2      | Found a blossoming altar of Fedhas.
  2525 | D:1      | Reached XP level 4. HP: 11/30 MP: 1/8
  2788 | D:2      | Cast into the Abyss (gnoll)
  2819 | Abyss:1  | Noticed a neqoxec
  2885 | Abyss:1  | Noticed a bone dragon
  2893 | Abyss:1  | Mangled by a bone dragon

Action                   |  1- 3 |  4- 6 || total
-------------------------+-------+-------++-------
Melee: Whip              |    45 |       ||    45
 Cast: Magic Dart        |   118 |     1 ||   119
       Call Imp          |     1 |     3 ||     4
  Use: Scroll            |     3 |       ||     3
